[Event "Titled Tuesday Blitz June 20 Late 2023"]
[White "Isajevsky, Anton"]
[Black "Silva Lucena, Cristian"]
[WhiteFideId "4142500"]
[BlackFideId "2232588"]
[WhiteElo "2510"]
[BlackElo "2223"]
[Result "1-0"]
[Round "3"]
[TimeControl "180+2"]
[Date "2023.06.20"]
[WhiteClock "0:00:06"]
[BlackClock "0:00:31"]
[Board "113"]

1. c4 e5 2. g3 Nc6 3. Bg2 Bc5 4. Nc3 f5 5. d3 Nf6 6. Nf3 O-O 7. O-O d6 8. Na4 Bb6 9. Nxb6 axb6 10. e3 Qe8 11. b3 Qh5 12. Nd2 Qh6 13. Nb1 Qg6 14. Nc3 Ne7 15. f4 c6 16. Bb2 Ng4 17. Qd2 Qh6 18. h3 Nf6 19. a4 Qg6 20. Kh2 h5 21. Rae1 h4 22. Qf2 hxg3+ 23. Qxg3 Qxg3+ 24. Kxg3 Ng6 25. Ba3 Rd8 26. Bf3 Kf7 27. h4 Be6 28. h5 Ne7 29. e4 exf4+ 30. Kxf4 fxe4 31. Nxe4 Nxe4 32. Bxe4 Ng8 33. Kg5+ Nf6 34. Bg6+ Ke7 35. Bf5 Ra5 36. Rxe6+ Kf7 37. Rfe1 Rh8 38. Re7+ Kf8 39. Kf4 Rxh5 40. Bg6 Rh4+ 41. Kf3 Re5 42. R1xe5 dxe5 43. Rxb7+ c5 44. Rxb6 Nd7 45. Rb7 Ke7 46. Bxc5+ Ke6 47. Be3 Rh3+ 48. Ke2 Nf6 49. Be4 Rh2+ 50. Kd1 Nxe4 51. dxe4 Rb2 52. Kc1 Re2 53. Bd2 Rxe4 54. Rxg7 Rh4 55. Rg3 e4 56. Kc2 Ke5 57. a5 Rh6 58. Rg5+ Kd4 59. Rd5# 1-0


[Site "https://www.chess.com"]

[Event "Titled Tuesday Blitz June 20 Late 2023"]
[White "Banzea, Alexandru-Bogdan"]
[Black "Petukhov, Dmitry"]
[WhiteFideId "1232622"]
[BlackFideId "4142748"]
[WhiteElo "2294"]
[BlackElo "2311"]
[Result "0-1"]
[Round "3"]
[TimeControl "180+2"]
[Date "2023.06.20"]
[WhiteClock "0:00:07"]
[BlackClock "0:00:14"]
[Board "114"]

1. d4 Nf6 2. Bf4 d5 3. Nf3 Bf5 4. e3 e6 5. Bd3 Bg6 6. Ne5 Bd6 7. Nd2 Nbd7 8. Nxg6 hxg6 9. Bxd6 cxd6 10. O-O e5 11. c4 exd4 12. exd4 dxc4 13. Re1+ Kf8 14. Nxc4 Nb6 15. Qf3 Nxc4 16. Bxc4 d5 17. Bb3 Rh4 18. Qc3 Rc8 19. Qb4+ Kg8 20. Qxb7 Rxd4 21. Re7 Qf8 22. Qxa7 Rd2 23. Rae1 Rxb2 24. g4 Nxg4 25. Bxd5 Nh6 26. Qd7 Kh7 27. Bxf7 Rcc2 28. R1e6 Rxf2 29. Bxg6+ Kh8 30. Re8 Rf1# 0-1


[Site "https://www.chess.com"]

[Event "Titled Tuesday Blitz June 20 Late 2023"]
[White "Sharan, Rao"]
[Black "crosky"]
[WhiteFideId "5073464"]
[WhiteElo "2149"]
[BlackElo "2352"]
[Result "1-0"]
[Round "3"]
[TimeControl "180+2"]
[Date "2023.06.20"]
[WhiteClock "0:01:43"]
[BlackClock "0:00:32"]
[Board "115"]

1. d4 Nf6 2. Nc3 d5 3. Bf4 c5 4. e4 Nxe4 5. Nxe4 dxe4 6. dxc5 Qa5+ 7. c3 Qxc5 8. Qa4+ Nc6 9. Qxe4 Bf5 10. Qe3 e6 11. Nf3 O-O-O 12. Be2 f6 13. O-O Qxe3 14. Bxe3 g5 15. a4 Bd6 16. a5 h5 17. a6 b6 18. Bb5 Kc7 19. Rfe1 e5 20. c4 h4 21. Rac1 g4 22. Nd2 Bb4 23. Red1 Rd3 24. c5 Nd4 25. Bxd3 Bxd3 26. Bxd4 exd4 27. cxb6+ Kxb6 28. Nc4+ Bxc4 29. Rxc4 1-0


[Site "https://www.chess.com"]

[Event "Titled Tuesday Blitz June 20 Late 2023"]
[White "Tobares, Leandro"]
[Black "Novik, Maxim"]
[WhiteFideId "106402"]
[BlackFideId "4102924"]
[WhiteElo "2292"]
[BlackElo "2287"]
[Result "1-0"]
[Round "3"]
[TimeControl "180+2"]
[Date "2023.06.20"]
[WhiteClock "0:00:16"]
[BlackClock "0:00:23"]
[Board "116"]

1. c4 c5 2. Nc3 Nf6 3. Nf3 e6 4. g3 b6 5. Bg2 Bb7 6. O-O Be7 7. Re1 Ne4 8. Nxe4 Bxe4 9. d3 Bb7 10. e4 d6 11. d4 cxd4 12. Nxd4 a6 13. b3 O-O 14. Bb2 Nd7 15. Qd2 Rc8 16. Rad1 Qc7 17. Bh3 Bf6 18. Bxe6 fxe6 19. Nxe6 Qb8 20. Nxf8 Rxf8 21. Ba3 Nc5 22. Qxd6 Qe8 23. Qxb6 Qh5 24. Bxc5 Bxe4 25. Qe6+ Kh8 26. Qxe4 Qxc5 27. Qd5 Qc8 28. Qd7 Qb8 29. Rd5 h6 30. Qd6 Qc8 31. Kg2 Rd8 32. Qe6 Qa8 33. f3 Rf8 34. Re4 a5 35. Qd7 Qb8 36. Re6 Qa8 37. Qc6 Qb8 38. Rb5 Qd8 39. Rd5 Qb8 40. Rb5 Qd8 41. Qd5 Qc7 42. Rb7 Qc8 43. Qd7 Qc5 44. Rxf6 Rxf6 45. Qxg7# 1-0


[Site "https://www.chess.com"]

[Event "Titled Tuesday Blitz June 20 Late 2023"]
[White "Perez, Maximiliano"]
[Black "Blackburn, Jonathan L B"]
[WhiteFideId "117234"]
[BlackFideId "1801090"]
[WhiteElo "2334"]
[BlackElo "2178"]
[Result "1-0"]
[Round "3"]
[TimeControl "180+2"]
[Date "2023.06.20"]
[WhiteClock "0:00:23"]
[BlackClock "0:00:00"]
[Board "117"]

1. e4 e5 2. Nf3 Nf6 3. Nxe5 Nc6 4. Nxc6 dxc6 5. Nc3 Bc5 6. d3 Ng4 7. Be3 Nxe3 8. fxe3 Bxe3 9. Qf3 Qg5 10. Be2 h5 11. h3 Be6 12. Nd1 Bd2+ 13. Kf2 f5 14. Rf1 O-O-O 15. Kg1 fxe4 16. dxe4 Rdf8 17. Qa3 Rxf1+ 18. Bxf1 Qf4 19. Qf3 Qxf3 20. gxf3 Rf8 21. Kf2 g5 22. Ke2 Bb4 23. Ne3 Bc5 24. b3 a5 25. Bg2 Bxe3 26. Kxe3 Rf4 27. Rg1 Rh4 28. Bf1 Bxh3 29. Bxh3+ Rxh3 30. Rxg5 Rh2 31. f4 h4 32. f5 1-0


[Site "https://www.chess.com"]

[Event "Titled Tuesday Blitz June 20 Late 2023"]
[White "Avalos Parra, Joao"]
[Black "Sreyas Payyappat"]
[WhiteFideId "3402541"]
[BlackFideId "46674969"]
[WhiteElo "2173"]
[BlackElo "2043"]
[Result "1/2-1/2"]
[Round "3"]
[TimeControl "180+2"]
[Date "2023.06.20"]
[WhiteClock "0:00:03"]
[BlackClock "0:00:07"]
[Board "118"]

1. d4 Nf6 2. c4 c5 3. d5 e6 4. Nc3 exd5 5. cxd5 d6 6. Nf3 g6 7. Nd2 Bg7 8. e4 O-O 9. Be2 Re8 10. O-O a6 11. a4 Nbd7 12. Re1 Rb8 13. Ra3 Qc7 14. Qc2 Ne5 15. Nf1 Bd7 16. h3 b5 17. f4 b4 18. fxe5 Rxe5 19. Ra1 bxc3 20. bxc3 Rxe4 21. Ng3 Ree8 22. Bf4 Nxd5 23. Bd2 Bc6 24. Bf3 Rxe1+ 25. Rxe1 Qd7 26. a5 Re8 27. Qd3 Rxe1+ 28. Bxe1 Nf4 29. Qe3 Bxf3 30. Qxf3 Be5 31. Bd2 Ne6 32. Ne4 Kg7 33. h4 Qc6 34. Qe3 f5 35. Nf2 Nf4 36. Qf3 Qxf3 37. gxf3 Ne2+ 38. Kf1 Nxc3 39. Nd3 Bf6 40. Bf4 Nb5 41. h5 c4 42. h6+ Kf7 43. Nb4 d5 44. Nxa6 c3 45. Nb4 d4 46. Ke2 Be7 47. Nc2 Bc5 48. a6 Ba7 49. Kd3 Ke6 50. Kc4 Nd6+ 51. Kd3 Kd5 52. Bg5 Nb5 53. Bf6 Nc7 54. Nb4+ Kc5 55. Be7+ Kb5 56. Nc2 Nxa6 57. Nxd4+ Bxd4 58. Kxd4 c2 59. Ba3 Ka4 60. Bc1 Kb3 61. Ke5 Nb4 62. Kf6 Nd3 63. Bd2 c1=Q 64. Bxc1 Nxc1 65. Kg7 g5 66. Kxh7 g4 67. fxg4 fxg4 68. Kg6 g3 69. h7 g2 70. h8=Q g1=Q+ 71. Kf7 Qa7+ 72. Kg6 Nd3 73. Qg8+ Kc2 74. Qc4+ Kd2 75. Qf7 Qg1+ 76. Kh7 Qh2+ 77. Kg8 Qg3+ 78. Kf8 Qb8+ 79. Qe8 Qf4+ 80. Qf7 Qh4 81. Qe7 Qh8+ 82. Kf7 Qh7+ 83. Ke8 Qg8+ 84. Qf8 Qa2 85. Qh6+ Kc2 86. Qc6+ Kd1 87. Qh1+ Ne1 88. Qh5+ Kc1 89. Qg5+ Kb1 90. Qf5+ Nc2 91. Qf1+ Kb2 92. Qb5+ Kc3 93. Qe5+ Kd3 94. Qf5+ Kd4 95. Qf6+ Ke4 96. Qg6+ Kf4 97. Qf6+ Kg3 98. Qg5+ Kf2 99. Qf4+ Ke2 100. Qe4+ Ne3 101. Qe7 Qa8+ 102. Kf7 Qf3+ 103. Ke8 Qh5+ 104. Kd7 Kf3 105. Qf8+ Nf5 106. Qa3+ Kg4 107. Qb4+ Kg5 108. Qd2+ Kg6 109. Qg2+ Kf6 110. Qb2+ Kg5 111. Qg2+ Kf4 112. Qf2+ Ke4 113. Qc2+ Ke5 114. Qc5+ Kf4 115. Qc1+ Ne3 116. Qc7+ Kf3 117. Qc6+ Nd5 118. Qd6 Ke4 119. Qe6+ Kd4 120. Qe1 Qf7+ 1/2-1/2


[Site "https://www.chess.com"]

[Event "Titled Tuesday Blitz June 20 Late 2023"]
[White "Rodrigues, Bruno Morado"]
[Black "Ismayil, Malak"]
[WhiteFideId "2115654"]
[BlackFideId "13412604"]
[WhiteElo "2040"]
[BlackElo "1868"]
[Result "1-0"]
[Round "3"]
[TimeControl "180+2"]
[Date "2023.06.20"]
[WhiteClock "0:00:14"]
[BlackClock "0:00:02"]
[Board "119"]

1. d4 Nf6 2. Nc3 e6 3. Bg5 d5 4. e4 Be7 5. e5 Nfd7 6. Bxe7 Qxe7 7. f4 a6 8. Nf3 c5 9. Qd2 Nc6 10. dxc5 Nxc5 11. O-O-O Bd7 12. Bd3 O-O-O 13. Ne2 Kb8 14. Ned4 Rc8 15. Kb1 g6 16. Rhe1 Qd8 17. g4 Qb6 18. Nb3 Nxb3 19. cxb3 Nb4 20. Bf1 Rc7 21. Nd4 Rhc8 22. f5 gxf5 23. gxf5 exf5 24. Bh3 f4 25. Bxd7 Rxd7 26. Qxf4 Qg6+ 27. Ka1 Rdc7 28. e6 Nd3 29. Rxd3 Qxd3 30. exf7 Rf8 31. Nc6+ bxc6 32. Qb4+ Ka7 33. Qxf8 Qd2 34. Qc5+ Kb7 35. Rf1 Rxf7 36. Rxf7+ Kc8 37. Qf8# 1-0


[Site "https://www.chess.com"]

[Event "Titled Tuesday Blitz June 20 Late 2023"]
[White "Todev, Simeon"]
[Black "O`Gorman, Tom"]
[WhiteFideId "2925133"]
[BlackFideId "2508249"]
[WhiteElo "1938"]
[BlackElo "2299"]
[Result "0-1"]
[Round "3"]
[TimeControl "180+2"]
[Date "2023.06.20"]
[WhiteClock "0:00:00"]
[BlackClock "0:00:19"]
[Board "120"]

1. e4 e5 2. Nf3 Nf6 3. d4 Nxe4 4. Nxe5 d6 5. Nf3 d5 6. Bd3 Bd6 7. O-O O-O 8. c4 c6 9. Nc3 Nxc3 10. bxc3 dxc4 11. Bxc4 Bf5 12. Be3 Nd7 13. Bd3 Qf6 14. Bg5 Qg6 15. Nh4 Qxg5 16. Nxf5 Bc7 17. f4 Bxf4 18. h4 Be3+ 19. Kh1 Qf6 20. Nxe3 Qxh4+ 21. Kg1 Nf6 22. Nf5 Qg5 23. Qf3 Rfe8 24. Rae1 Qd2 25. Rxe8+ Rxe8 26. Rf2 Qxc3 27. Qg3 g6 28. Nh6+ Kg7 29. Nf5+ Kh8 30. Nd6 Re1+ 31. Kh2 Qxd4 32. Nxf7+ Kg7 33. Ng5 Ng4+ 34. Qxg4 Qxg4 35. Nh3 Re3 36. Bf1 Qg3+ 37. Kg1 Re1 38. Rf3 Qe5 39. Nf4 Qd4+ 40. Kh2 Qa1 41. Bc4 Rh1+ 42. Kg3 Qe1+ 43. Rf2 Qe5 44. Rf3 Rc1 45. Bd3 Rc3 46. Kf2 Qd4+ 47. Kg3 Qd6 48. Kf2 Ra3 49. g3 Rxa2+ 50. Kg1 Qd4+ 51. Kh1 Ra1+ 0-1


[Site "https://www.chess.com"]

[Event "Titled Tuesday Blitz June 20 Late 2023"]
[White "Spichkin, Alexander"]
[Black "Manukyan, Artyom"]
[WhiteFideId "4144074"]
[BlackFideId "13305786"]
[WhiteElo "1986"]
[BlackElo "2078"]
[Result "0-1"]
[Round "3"]
[TimeControl "180+2"]
[Date "2023.06.20"]
[WhiteClock "0:02:07"]
[BlackClock "0:01:34"]
[Board "121"]

1. f4 d5 2. Nf3 Nf6 3. e3 e6 4. b3 Be7 5. Bb2 O-O 6. Bd3 c5 7. O-O Nc6 8. Ne5 Nd7 9. Bxh7+ Kxh7 10. Qh5+ Kg8 11. Nxd7 Bxd7 12. Bxg7 Kxg7 13. Qg4+ Bg5 14. fxg5 Ne5 15. Qg3 Ng6 16. Nc3 Rh8 17. Rf6 Qb8 18. Qf2 Qxh2+ 19. Kf1 Raf8 20. Ke2 Qh5+ 21. Kd3 Qxg5 22. Rf1 Ne5+ 23. Ke2 Rh2 24. Rg1 Qxf6 25. Qg3+ Ng4 26. Qxg4+ Qg6 27. Qf4 Rxg2+ 28. Rxg2 Qxg2+ 29. Kd3 Qg6+ 30. Ke2 b5 31. d3 b4 32. Nd1 f6 33. Nf2 Rh8 34. e4 e5 35. Qe3 d4 36. Qf3 Rh2 37. Kd2 Qg2 0-1


[Site "https://www.chess.com"]

[Event "Titled Tuesday Blitz June 20 Late 2023"]
[White "Bruedigam, Martin"]
[Black "Vaglio Munoz, Jaime"]
[WhiteFideId "24608033"]
[BlackFideId "6500145"]
[WhiteElo "2331"]
[BlackElo "2199"]
[Result "1/2-1/2"]
[Round "3"]
[TimeControl "180+2"]
[Date "2023.06.20"]
[WhiteClock "0:00:08"]
[BlackClock "0:00:22"]
[Board "122"]

1. d4 c6 2. e4 b5 3. a4 b4 4. Nf3 d5 5. e5 e6 6. Bd3 Ba6 7. O-O Bxd3 8. cxd3 a5 9. Nbd2 h6 10. Nb3 Nd7 11. Be3 Qb6 12. Rc1 Rc8 13. Rc2 Ne7 14. Qe2 Nf5 15. Rfc1 Be7 16. g4 Nh4 17. Nxh4 Bxh4 18. f4 Be7 19. Kg2 h5 20. h3 g6 21. Nd2 Nb8 22. b3 Kd7 23. Nf3 hxg4 24. hxg4 Rh7 25. Rh1 Rch8 26. Rxh7 Rxh7 27. Rc1 Na6 28. Qf2 Nc7 29. Qe1 Qa6 30. Rd1 Qc8 31. Rc1 Qa6 32. Qd2 Qa8 33. Bf2 Na6 34. Qc2 Rh8 35. Rh1 Qc8 36. Rxh8 Qxh8 37. Qc1 Qc8 38. Kf1 c5 39. dxc5 Bxc5 40. d4 Be7 41. Qxc8+ Kxc8 42. Bh4 Kd7 43. Bxe7 Kxe7 44. Ke2 Nb8 45. Ke3 Nc6 46. Ne1 f6 47. exf6+ Kxf6 48. Nf3 Ke7 49. Nh4 Kf6 50. Nf3 Ke7 51. Kd3 Kf6 52. Ke3 1/2-1/2


[Site "https://www.chess.com"]

[Event "Titled Tuesday Blitz June 20 Late 2023"]
[White "Brunner, Nicolas"]
[Black "Nathan, Nitish"]
[WhiteFideId "620246"]
[BlackFideId "30927870"]
[WhiteElo "2319"]
[BlackElo "2295"]
[Result "1-0"]
[Round "3"]
[TimeControl "180+2"]
[Date "2023.06.20"]
[WhiteClock "0:00:11"]
[BlackClock "0:01:04"]
[Board "123"]

1. Nf3 d5 2. g3 Bf5 3. Bg2 e6 4. c4 c6 5. Qb3 Qb6 6. d3 Nd7 7. Be3 Bc5 8. d4 Be7 9. c5 Qa6 10. Nc3 h6 11. Rc1 Ngf6 12. O-O O-O 13. Rfd1 b6 14. Na4 bxc5 15. Nxc5 Nxc5 16. dxc5 Rfb8 17. Qa3 Qb7 18. b3 Nd7 19. Nd4 Bg6 20. Bh3 Bf6 21. b4 Bxd4 22. Rxd4 e5 23. Rh4 d4 24. Bd2 Nf6 25. Bg2 Re8 26. e3 dxe3 27. Bxe3 e4 28. Qb2 Nd5 29. Bd4 Qxb4 30. Bxg7 Qxb2 31. Bxb2 Rab8 32. Ba1 Nb4 33. Rxh6 Bh7 34. a3 Nd3 35. Rd1 f5 36. Rxc6 Rb3 37. Rc7 Nb2 38. Bxb2 Rxb2 39. Rdd7 Rb1+ 40. Bf1 e3 41. Rg7+ Kh8 42. Rxh7+ Kg8 43. Rcg7+ Kf8 44. Rh8+ Kxg7 45. Rxe8 exf2+ 46. Kxf2 Rc1 47. Re5 Rc2+ 48. Kg1 Kf6 49. Rd5 Ke6 50. Rd6+ Ke5 51. Ra6 Rxc5 52. Rxa7 Rc1 53. a4 Ra1 54. a5 Ke4 55. a6 f4 56. gxf4 Kxf4 57. Rf7+ Kg4 58. a7 Kh4 59. Kf2 Ra2+ 60. Be2 Kh3 61. Rh7# 1-0


[Site "https://www.chess.com"]

[Event "Titled Tuesday Blitz June 20 Late 2023"]
[White "Nasir, Zehn"]
[Black "Harshal, Shahi"]
[WhiteFideId "2613239"]
[BlackFideId "5048257"]
[WhiteElo "1993"]
[BlackElo "2054"]
[Result "0-1"]
[Round "3"]
[TimeControl "180+2"]
[Date "2023.06.20"]
[WhiteClock "0:00:12"]
[BlackClock "0:00:55"]
[Board "124"]

1. d4 d5 2. Bf4 Nf6 3. e3 c5 4. c3 Nc6 5. Nd2 h6 6. Ngf3 Bf5 7. Qb3 Qb6 8. Be2 c4 9. Qxb6 axb6 10. O-O e6 11. Ne5 b5 12. a3 Nd7 13. Nxd7 Kxd7 14. Bf3 g5 15. Bg3 h5 16. e4 dxe4 17. Bxe4 h4 18. Be5 Rh6 19. Bxf5 exf5 20. h3 f4 21. Ne4 Be7 22. Bg7 Rg6 23. d5 Rxg7 24. dxc6+ bxc6 25. Rad1+ Kc7 26. Rfe1 f5 27. Nd2 g4 28. hxg4 fxg4 29. Ne4 Rh8 30. Kh2 g3+ 31. fxg3 hxg3+ 32. Kg1 Rh2 33. Kf1 f3 34. gxf3 g2+ 35. Kg1 Rh1+ 36. Kf2 Bh4+ 37. Ke2 Bxe1 0-1


[Site "https://www.chess.com"]

[Event "Titled Tuesday Blitz June 20 Late 2023"]
[White "Davidson, Kevin"]
[Black "De La Villa Garcia, Jesus Maria"]
[WhiteFideId "2056810"]
[BlackFideId "2200040"]
[WhiteElo "2151"]
[BlackElo "2530"]
[Result "0-1"]
[Round "3"]
[TimeControl "180+2"]
[Date "2023.06.20"]
[WhiteClock "0:00:00"]
[BlackClock "0:02:09"]
[Board "125"]

1. e4 c6 2. d4 d5 3. e5 Bf5 4. h4 h6 5. g4 Be4 6. f3 Bh7 7. e6 Nf6 8. exf7+ Kxf7 9. Bd3 Qd6 10. f4 Bxd3 11. Qxd3 Nxg4 12. Nf3 Qe6+ 13. Kf1 Nd7 14. h5 Ndf6 15. Nc3 Ne4 16. Ne5+ Nxe5 17. dxe5 Qf5 18. Nxe4 dxe4 19. Qb3+ e6 20. Qxb7+ Be7 21. b3 Qg4 22. Rh2 Rhd8 23. Be3 Qf3+ 24. Bf2 e3 25. Re1 exf2 26. Rxf2 Qh3+ 27. Kg1 Qxh5 0-1


[Site "https://www.chess.com"]

[Event "Titled Tuesday Blitz June 20 Late 2023"]
[White "Boder, Jan"]
[Black "FoxOnTheRun97"]
[WhiteFideId "16243226"]
[WhiteElo "2241"]
[BlackElo "2529"]
[Result "0-1"]
[Round "3"]
[TimeControl "180+2"]
[Date "2023.06.20"]
[WhiteClock "0:00:09"]
[BlackClock "0:00:08"]
[Board "126"]

1. b3 Nf6 2. Bb2 d5 3. e3 Bf5 4. d4 e6 5. Bd3 Bd6 6. Nf3 Nbd7 7. O-O O-O 8. Ne5 a5 9. f4 a4 10. bxa4 Bxd3 11. cxd3 Nb6 12. Nc3 Qe8 13. Nb5 Nxa4 14. Qb3 Nxb2 15. Qxb2 Qe7 16. a4 Rfc8 17. Rfb1 b6 18. Rc1 Bxe5 19. fxe5 Ng4 20. Qe2 Nh6 21. e4 dxe4 22. dxe4 c5 23. Nd6 Rd8 24. dxc5 bxc5 25. Rxc5 Qa7 26. Rc1 Qxa4 27. Qf2 Qa7 28. h3 Rf8 29. g4 Rad8 30. g5 Nf5 31. exf5 exf5 32. Rc7 Qa3 33. R1c3 Qa1+ 34. Kg2 Qd1 35. Rc8 Qd5+ 36. Qf3 Qxe5 37. Nxf5 Rxc8 38. Rxc8 Rxc8 39. Ne7+ Qxe7 40. h4 Qf8 41. Kh3 Re8 42. Qg4 Re6 43. Qf4 g6 44. h5 Qe7 45. h6 Qd7 46. Qb8+ Re8+ 47. Kh4 Rxb8 48. Kg3 Rb4 49. Kf3 Qa4 50. Ke3 Rb3+ 51. Kd2 Qa2+ 52. Kd1 Rb1# 0-1


[Site "https://www.chess.com"]

[Event "Titled Tuesday Blitz June 20 Late 2023"]
[White "Barrionuevo, Pablo"]
[Black "Dushyant Sharma"]
[WhiteFideId "110566"]
[BlackFideId "25065130"]
[WhiteElo "2212"]
[BlackElo "2198"]
[Result "0-1"]
[Round "3"]
[TimeControl "180+2"]
[Date "2023.06.20"]
[WhiteClock "0:00:00"]
[BlackClock "0:00:59"]
[Board "127"]

1. d4 d5 2. Nf3 e6 3. c3 f5 4. Bf4 Bd6 5. Bxd6 Qxd6 6. Ne5 Nf6 7. Nd2 c5 8. e3 Nc6 9. Bb5 O-O 10. Bxc6 bxc6 11. O-O cxd4 12. exd4 c5 13. Ndf3 Ne4 14. dxc5 Qxc5 15. Qd4 Qd6 16. Rfd1 Rb8 17. b3 Qc7 18. Rac1 Ba6 19. h4 Be2 20. Re1 Bxf3 21. Nxf3 Rfd8 22. Ne5 Rbc8 23. Re3 Nd6 24. a4 Qb6 25. Nf3 Ne4 26. Qxb6 axb6 27. Nd4 Kf7 28. f3 Nc5 0-1


[Site "https://www.chess.com"]

[Event "Titled Tuesday Blitz June 20 Late 2023"]
[White "Badelka, Olga"]
[Black "Navia Alvarez, Edwin Adrian"]
[WhiteFideId "13509926"]
[BlackFideId "4402898"]
[WhiteElo "2375"]
[BlackElo "1992"]
[Result "1-0"]
[Round "3"]
[TimeControl "180+2"]
[Date "2023.06.20"]
[WhiteClock "0:00:04"]
[BlackClock "0:00:14"]
[Board "128"]

1. c4 Nf6 2. Nc3 c6 3. e4 d6 4. d4 Nbd7 5. f4 e5 6. Nf3 exd4 7. Qxd4 Qb6 8. Qxb6 axb6 9. Be3 Nc5 10. e5 dxe5 11. fxe5 Ng4 12. Bf4 Ne6 13. Bg3 Ne3 14. Kd2 Nxf1+ 15. Rhxf1 Bb4 16. a3 Bxc3+ 17. Kxc3 O-O 18. Rad1 Nc5 19. Bf2 Ne4+ 20. Kb3 b5 21. cxb5 cxb5 22. Nd4 Bd7 23. Be3 Rfc8 24. Rc1 Nc5+ 25. Ka2 Nd3 26. Rxc8+ Rxc8 27. Nf5 Be6+ 28. Kb1 Rc7 29. Nd6 Nxe5 30. Nxb5 Rd7 31. Nc3 f6 32. Bf4 Nd3 33. Bg3 Bb3 34. h4 Kf7 35. h5 Nc5 36. h6 g6 37. Bh4 f5 38. Bf2 Nd3 39. Bb6 Bc4 40. Rh1 Nf2 41. Bxf2 Bd3+ 42. Kc1 Be4 43. Bg3 Bxg2 44. Rg1 Bc6 45. Bf4 Rd3 46. Kc2 Rf3 47. Bd2 Rf2 48. Rf1 Rh2 49. Re1 Kf6 50. b4 g5 51. b5 Bf3 52. Re3 g4 53. Kc1 f4 54. Re8 Kf5 55. Rf8+ Ke5 56. Bxf4+ Kd4 57. Bxh2 Kxc3 58. Bg3 1-0


[Site "https://www.chess.com"]

[Event "Titled Tuesday Blitz June 20 Late 2023"]
[White "Krsnik Cohar, Ivan Vihor"]
[Black "disciplinedbrat"]
[WhiteFideId "14520044"]
[WhiteElo "2414"]
[BlackElo "2248"]
[Result "1-0"]
[Round "3"]
[TimeControl "180+2"]
[Date "2023.06.20"]
[WhiteClock "0:01:42"]
[BlackClock "0:00:36"]
[Board "129"]

1. e4 g6 2. Nf3 Bg7 3. Bc4 d6 4. Nc3 e5 5. O-O Nf6 6. d4 exd4 7. Nxd4 O-O 8. Bg5 c6 9. Bb3 Qc7 10. Qf3 Bg4 11. Qf4 Nbd7 12. h3 Nh5 13. Qd2 Bxd4 14. hxg4 Bxc3 15. Qxc3 Ng7 16. Bh6 Ne6 17. Bxe6 1-0


[Site "https://www.chess.com"]

[Event "Titled Tuesday Blitz June 20 Late 2023"]
[White "Keleberda, Tymur"]
[Black "Kopacz, Grzegorz"]
[WhiteFideId "14174294"]
[BlackFideId "1109880"]
[WhiteElo "2198"]
[BlackElo "2037"]
[Result "1-0"]
[Round "3"]
[TimeControl "180+2"]
[Date "2023.06.20"]
[WhiteClock "0:02:27"]
[BlackClock "0:01:23"]
[Board "130"]

1. e4 c5 2. Nf3 e6 3. c3 d5 4. exd5 exd5 5. Bb5+ Bd7 6. Bxd7+ Qxd7 7. O-O Nc6 8. d4 cxd4 9. Re1+ Be7 10. Bg5 f6 11. Bf4 dxc3 12. Nxc3 d4 13. Nb5 O-O-O 14. Rc1 Re8 15. Nxa7+ Kd8 16. Nxc6+ bxc6 17. Qa4 g5 18. Rxc6 1-0


[Site "https://www.chess.com"]

[Event "Titled Tuesday Blitz June 20 Late 2023"]
[White "MaryanKyrychenko"]
[Black "Taranenko, Evgueniy"]
[BlackFideId "14122138"]
[WhiteElo "2523"]
[BlackElo "2101"]
[Result "1-0"]
[Round "3"]
[TimeControl "180+2"]
[Date "2023.06.20"]
[WhiteClock "0:00:48"]
[BlackClock "0:00:47"]
[Board "131"]

1. e4 e6 2. d4 d5 3. Nc3 Nf6 4. e5 Nfd7 5. f4 c5 6. Nf3 Nc6 7. Be3 Qb6 8. Na4 Qa5+ 9. c3 b6 10. dxc5 bxc5 11. a3 c4 12. Nd4 Nxd4 13. Bxd4 Ba6 14. b4 cxb3 15. Qxb3 Bxf1 16. Rxf1 Rb8 17. Qc2 Nc5 18. Nxc5 Bxc5 19. Kf2 O-O 20. Rfc1 Rfc8 21. Qd3 Rb3 22. Rab1 Qxa3 23. Rxb3 Qxb3 24. Bxc5 Rxc5 25. Rb1 Qa2+ 26. Kf3 g6 27. f5 exf5 28. e6 fxe6 29. Rb8+ Kf7 30. Rb7+ Kf6 31. Qd4+ e5 32. Qh4+ Ke6 33. Qe7# 1-0


[Site "https://www.chess.com"]

[Event "Titled Tuesday Blitz June 20 Late 2023"]
[White "Ismagilov, Damir"]
[Black "Quirke, Jeffrey"]
[WhiteFideId "34199982"]
[BlackFideId "2013029"]
[WhiteElo "2104"]
[BlackElo "2212"]
[Result "1-0"]
[Round "3"]
[TimeControl "180+2"]
[Date "2023.06.20"]
[WhiteClock "0:00:37"]
[BlackClock "0:00:00"]
[Board "132"]

1. e4 Nf6 2. e5 Nd5 3. d4 d6 4. c4 Nb6 5. f4 dxe5 6. fxe5 Bf5 7. Nc3 e6 8. Be3 Nc6 9. Nf3 Bg4 10. Be2 Bxf3 11. gxf3 Bb4 12. O-O Qh4 13. Ne4 O-O-O 14. c5 Nd5 15. Bg5 Qh3 16. a3 f6 17. Bc1 fxe5 18. axb4 Ndxb4 19. Be3 Nd5 20. Bg5 Nxd4 21. Rxa7 Kd7 22. Qa4+ Nc6 23. Rxb7 Rdf8 24. Bb5 1-0


[Site "https://www.chess.com"]

[Event "Titled Tuesday Blitz June 20 Late 2023"]
[White "Diaz Rosas, Julio Cesar"]
[Black "Calhoun, Luke"]
[WhiteFideId "5105099"]
[BlackFideId "2064421"]
[WhiteElo "2284"]
[BlackElo "2255"]
[Result "1-0"]
[Round "3"]
[TimeControl "180+2"]
[Date "2023.06.20"]
[WhiteClock "0:01:23"]
[BlackClock "0:00:58"]
[Board "133"]

1. c4 Nf6 2. Nc3 g6 3. d4 Bg7 4. e4 d6 5. Nge2 O-O 6. Ng3 c5 7. d5 e6 8. Be2 exd5 9. exd5 a6 10. a4 h5 11. Bg5 Nbd7 12. O-O Ne5 13. Qd2 Qc7 14. h3 Re8 15. f4 Ned7 16. f5 Kh7 17. Bd3 Ng8 18. fxg6+ fxg6 19. Rf7 Qb6 20. Nxh5 Ne5 21. Rxg7+ Kh8 22. Rxg8+ Rxg8 23. Bf6+ Kh7 24. Bxe5 dxe5 25. Rf1 Qc7 26. Nf6+ Kg7 27. Nxg8 Kxg8 28. Bxg6 Bd7 29. Bf7+ Kf8 30. Qh6+ Ke7 31. Qf6+ Kf8 32. Bg6+ Kg8 33. Qf7+ Kh8 34. Qh7# 1-0


[Site "https://www.chess.com"]

[Event "Titled Tuesday Blitz June 20 Late 2023"]
[White "Sailer, Mike"]
[Black "whiteglovethief"]
[WhiteFideId "2012901"]
[WhiteElo "2109"]
[BlackElo "2519"]
[Result "0-1"]
[Round "3"]
[TimeControl "180+2"]
[Date "2023.06.20"]
[WhiteClock "0:00:00"]
[BlackClock "0:00:14"]
[Board "134"]

1. d4 Nf6 2. Nc3 d5 3. Bf4 a6 4. e3 e6 5. Nf3 c5 6. dxc5 Bxc5 7. Bd3 Nc6 8. Qe2 Qe7 9. O-O e5 10. Bg5 Be6 11. e4 d4 12. Nd5 Qd8 13. Nxf6+ gxf6 14. Bh6 Rg8 15. Nh4 Ne7 16. Bc4 Bg4 17. Qd3 Ng6 18. Nf5 Bf8 19. Bxf8 Kxf8 20. Qa3+ Ke8 21. Nd6+ Kd7 22. Nxf7 Qb6 23. Nh6 Be6 24. Bxe6+ Kxe6 25. Nxg8 Rxg8 26. Qh3+ Kf7 27. Qxh7+ Rg7 28. Qh5 Kg8 29. Rad1 Qxb2 30. Rd3 Qxc2 31. Rg3 Qxe4 32. Rc1 d3 33. h3 d2 34. Rd1 Nf4 35. Rxg7+ Kxg7 36. Qg4+ Kh6 37. Kh2 Qd5 38. Qh4+ Kg7 39. Qg4+ Kf7 40. f3 Qxa2 41. Qc8 Qd5 42. Qc7+ Kg6 43. Qc2+ Kh6 44. Rxd2 Qg8 45. Qf5 Nh5 46. Qg4 Qb8 47. Qe4 Qg8 48. Rd7 Qg3+ 49. Kh1 Ng7 50. Rxg7 Qxg7 51. Qf5 a5 52. Qe6 a4 53. Qb6 Qd7 54. Qxf6+ Kh7 55. Qh4+ Kg7 56. Qg5+ Kf7 57. Qxe5 b5 58. Qf4+ Ke7 59. Qe5+ Kd8 60. Qb8+ Ke7 61. Qe5+ Kf7 62. Qf4+ Ke6 63. Qe4+ Kd6 64. Qd4+ Kc6 65. Qe4+ Kb6 66. f4 a3 67. Qe3+ Kc6 68. Qxa3 Qd1+ 69. Kh2 Qd4 70. Qf3+ Kb6 71. f5 b4 72. f6 Qe5+ 73. Qg3 Qxf6 74. Qe3+ Kb5 75. Qd3+ Ka4 76. Qc2+ b3 77. Qc4+ Ka3 78. Qa6+ Qxa6 0-1


[Site "https://www.chess.com"]